 Dungeon Crawl Stone Soup version 0.20.1-1-g8b1a95d (webtiles) character file.

106 Folque the Magician (level 4, -4/31 HPs)
             Began as an Octopode Wizard on Nov 5, 2017.
             Killed from afar by pTCGFNYNwU3Fd6TS's ghost (8 damage)
             ... with a blast of sand
             ... on level 3 of the Dungeon.
             The game lasted 00:11:53 (3059 turns).

Folque the Magician (Octopode Wizard)               Turns: 3059, Time: 00:11:54

Health: -4/31      AC:  1    Str:  6    XL:     4   Next: 84%
Magic:  1/9        EV: 13    Int: 21    God:
Gold:   47         SH:  0    Dex: 10    Spells: 2/10 levels left

rFire    . . .     SeeInvis .   h - +1 short sword
rCold    . . .     Gourm    .   (no shield)
rNeg     . . .     Faith    .   a - +0 hat
rPois    .         Spirit   .   (no amulet)
rElec    .         Reflect  .   (no ring)
rCorr    .         Harm     .   (no ring)
MR       .....                  (no ring)
Stlth    +++.......             (no ring)
Regen    0.1/turn               (no ring)
MPRegen  0.2/turn               (no ring)
                                (no ring)
                                (no ring)

@: very slightly contaminated
A: almost no armour, stealthy swim, amphibious, 8 rings, constrict 8, camouflage
1, gelatinous body 1
a: no special abilities


You were on level 3 of the Dungeon.
You were not hungry.

You visited 1 branch of the dungeon, and saw 3 of its levels.

You collected 47 gold pieces.

Inventory:

Hand Weapons
 g - a +0 club
 h - a +1 short sword (weapon)
 i - a +0 dagger
Armour
 a - a +0 hat (worn)
Scrolls
 d - a scroll of fog {unknown}
 f - a scroll of enchant weapon
 l - a scroll of identify {unknown}
 m - a scroll of amnesia {unknown}
Potions
 e - 2 potions of invisibility {unknown}
 k - a potion of might {unknown}
 n - a potion of flight {unknown}
 p - a potion of agility {unknown}
 q - a potion of haste {unknown}
Books
 b - a book of Minor Magic

   Spells                             Type                      Level
   a - Magic Dart                     Conjuration                  1
   b - Blink                          Translocation                2
   c - Call Imp                       Summoning                    2
   d - Slow                           Hexes                        2
   e - Conjure Flame                  Conjuration/Fire             3
   f - Mephitic Cloud                 Conjuration/Poison/Air       3
Comestibles
 c - 4 bread rations
 j - 2 royal jellies
 o - 4 chunks of flesh


   Skills:
 - Level 3.0 Fighting
 - Level 2.0 Dodging
 - Level 2.6 Stealth
 + Level 3.5 Spellcasting
 + Level 1.5 Conjurations
 - Level 1.0 Summonings
 - Level 1.0 Translocations
 * Level 1.7 Poison Magic


You had 2 spell levels left.
You knew the following spells:

 Your Spells              Type           Power        Failure   Level  Hunger
a - Magic Dart            Conj           ##..         7%          1    None
b - Call Imp              Summ           #.......     13%         2    ##.....
c - Blink                 Tloc           N/A          13%         2    ##.....
d - Mephitic Cloud        Conj/Pois/Air  #.......     24%         3    ###....


Dungeon Overview and Level Annotations

Branches:
Dungeon (3/15)

Altars:
Kikubaaqudgha
Yredelemnul

Annotations:
D:3 Ijyb; pTCGFNYNwU3Fd6TS's ghost, amateur GrEE


Innate Abilities, Weirdness & Mutations

You cannot wear most types of armour.
You are very stealthy in the water. (Stealth+)
You are amphibious.
You can wear up to eight rings at the same time.
You can use your tentacles to constrict eight enemies at once.
Your skin changes colour to match your surroundings (Stealth+).
Your rubbery body absorbs attacks. (AC +1, EV +1)


Message History

PTCGFNYNwU3Fd6TS's ghost is almost destroyed.
PTCGFNYNwU3Fd6TS's ghost misses you. x2
You barely miss pTCGFNYNwU3Fd6TS's ghost.
You squeeze pTCGFNYNwU3Fd6TS's ghost.
PTCGFNYNwU3Fd6TS's ghost is almost destroyed.
PTCGFNYNwU3Fd6TS's ghost casts a spell at you.
The blast of sand misses you.
You barely miss pTCGFNYNwU3Fd6TS's ghost.
You squeeze pTCGFNYNwU3Fd6TS's ghost, but do no damage.
PTCGFNYNwU3Fd6TS's ghost is almost destroyed.
Ijyb zaps a wand.
You barely resist.
It is a wand of disintegration (?/24).
PTCGFNYNwU3Fd6TS's ghost hits you!
* * * LOW HITPOINT WARNING * * *
A kobold comes into view. It is wielding a dagger.
As you read the scroll labeled ZATHRY TE VULE, it crumbles to dust.
It is a scroll of enchant weapon.
Your +0 short sword glows red for a moment.
PTCGFNYNwU3Fd6TS's ghost points at you and mumbles some strange words.
The blast of sand hits you!
You die...

..# . ..# .# . ### .. ..# .K#...
##.# #.# ......# #..# #.#
#...).###..# #.## #.#g.@W...#
...# #.#.###..## ...### #.#..
#...## .....# #.##.##....#
..##.## #.##..)..#.# ..##..#
#.####...#.## .).##.#
###........#..# .....
##..#.####.........w...###....w..
##.#....##................#.....


You could see Ijyb, pTCGFNYNwU3Fd6TS's ghost and a kobold (wandering).

Vanquished Creatures
  4 adders
  2 dart slugs
  A leopard gecko (D:1)
  An orc (D:3)
  5 bats
  A giant cockroach (D:1)
  3 goblins
  9 hobgoblins
  2 quokkas (D:2)
  7 frilled lizards
  8 kobolds
  8 rats
51 creatures vanquished.

Vanquished Creatures (collateral kills)
  2 adders (D:2)
  A worm (D:3)
  A goblin (D:3)
  2 hobgoblins
  3 kobolds
  2 bats
  3 frilled lizards (D:1)
  A rat (D:3)
15 creatures vanquished.

Grand Total: 66 creatures vanquished

Notes
Turn   | Place    | Note
-------+----------+-------------------------------------------
     0 | D:1      | Folque the Octopode Wizard began the quest for the Orb.
     0 | D:1      | Reached XP level 1. HP: 11/11 MP: 4/4
    72 | D:1      | Reached skill level 1 in Fighting
    75 | D:1      | Reached XP level 2. HP: 12/18 MP: 3/6
    82 | D:1      | Learned a level 2 spell: Call Imp
    85 | D:1      | Learned a level 2 spell: Blink
   825 | D:1      | Reached XP level 3. HP: 23/24 MP: 2/7
  1181 | D:1      | Learned a level 3 spell: Mephitic Cloud
  1479 | D:2      | Found a basalt altar of Yredelemnul.
  1528 | D:2      | Found an ancient bone altar of Kikubaaqudgha.
  1768 | D:2      | Reached XP level 4. HP: 25/31 MP: 1/9
  2110 | D:3      | Noticed pTCGFNYNwU3Fd6TS's ghost (amateur GrEE)
  2458 | D:2      | Reached skill level 1 in Poison Magic
  3050 | D:3      | Noticed Ijyb
  3059 | D:3      | Killed from afar by pTCGFNYNwU3Fd6TS's ghost

Skill      XL: |  1  2  3  4 |
---------------+-------------+-----
Fighting       | 1 2 3 |  3.0
Poison Magic   | 1 |  1.7
Dodging        | |  2.0
Stealth        | |  2.6
Spellcasting   | |  3.5
Conjurations   | |  1.5
Summonings     | |  1.0
Translocations | |  1.0

Action                   |  1- 3 |  4- 6 || total
-------------------------+-------+-------++-------
Melee: Unarmed           |    23 |       ||    23
       Constrict         |    24 |    12 ||    36
       Tentacles         |     8 |    12 ||    20
       Dagger            |    33 |       ||    33
       Club              |    10 |       ||    10
       Short sword       |    19 |    62 ||    81
 Cast: Magic Dart        |     8 |     8 ||    16
       Call Imp          |    11 |    21 ||    32
       Blink             |     1 |     1 ||     2
  Use: Scroll            |       |     1 ||     1
 Stab: Sleeping          |     4 |     2 ||     6
       Distracted        |     1 |       ||     1
  Eat: Chunk             |     3 |     5 ||     8
Armor: Skin              |     6 |     8 ||    14
Dodge: Dodged            |    63 |    74 ||   137
